 Dungeon Crawl Stone Soup version 0.25-a0-1133-g93ebf739aa (webtiles) character file.

Game seed: 12352547024137392188, levelgen mode: deterministic

5443 Flugslaktarn the Cleaver (level 10, -6/92 HPs)
             Began as a Deep Dwarf Fighter on May 20, 2020.
             Was a Priest of Makhleb.
             Mangled by a sixfirhy (8 damage)
             ... summoned by a kobold demonologist
             ... on level 11 of the Dungeon.
             The game lasted 00:04:02 (5658 turns).

Flugslaktarn the Cleaver (Deep Dwarf Fighter)       Turns: 5658, Time: 00:04:02

Health: -6/92      AC:  1    Str: 23    XL:     10   Next: 41%
Magic:  0/0 (9)    EV:  5    Int:  9    God:    Makhleb [***...]
Gold:   437        SH: 11    Dex: 12    Spells: 9/9 levels left

rFire    . . .     SeeInvis .   f - +2 war axe of Conversion {venom, rN++ MP-9}
rCold    + . .     Gourm    .   h - +0 kite shield
rNeg     + + .     Faith    +   u - +0 plate armour
rPois    .         Spirit   .   y - +1 helmet
rElec    .         Reflect  .   (no cloak)
rCorr    .         Harm     .   p - +0 pair of gloves
MR       +....                  (no boots)
Stlth    ..........             o - amulet of faith
HPRegen  0.00/turn              c - ring of protection from cold
MPRegen  0.07/turn              (no ring)

@: corroded, non-regenerating
A: damage resistance, heal wounds, sense surroundings 2, no regeneration
a: Heal Wounds, Minor Destruction, Lesser Servant of Makhleb, Renounce Religion


You were on level 11 of the Dungeon.
You worshipped Makhleb.
Makhleb was most pleased with you.
You were not hungry.

You visited 1 branch of the dungeon, and saw 11 of its levels.
You also visited: Bailey.

You collected 437 gold pieces.

Inventory:

Hand Weapons
 a - a +1 war axe
 f - the +2 war axe of Conversion (weapon) {venom, rN++ MP-9}
   (You found it on level 8 of the Dungeon)

   It poisons the flesh of those it strikes.
   It greatly protects you from negative energy.
   It affects your magic capacity (-9).
Missiles
 g - a throwing net (quivered)
Armour
 b - a +0 scale mail
 h - a +0 kite shield (worn)
 p - a +0 pair of gloves (worn)
   (You found it on level 9 of the Dungeon)
 u - a +0 plate armour (worn)
   (You took it off an orc warrior on level 9 of the Dungeon)
 y - a +1 helmet (worn)
   (You found it on level 7 of the Dungeon)
Jewellery
 c - a ring of protection from cold (left hand)
   (You found it on level 8 of the Dungeon)
 o - an amulet of faith (around neck)
   (You found it on level 9 of the Dungeon)
Scrolls
 j - a scroll of brand weapon {unknown}
 k - a scroll of enchant weapon
 r - a scroll of identify
 v - 2 scrolls of fog
 x - 2 scrolls of remove curse
 z - 2 scrolls of blinking
 A - a scroll of magic mapping
Potions
 d - 3 potions of might
 l - a potion of experience {unknown}
 m - 3 potions of mutation {unknown}
 n - a potion of resistance
 q - 7 potions of curing
 s - a potion of flight
 t - a potion of berserk rage
 w - a potion of cancellation {unknown}
 B - 2 potions of heal wounds {unknown}
 C - a potion of haste {unknown}
 D - a potion of lignification {unknown}
Comestibles
 e - 14 rations
 i - 6 chunks of flesh


   Skills:
 + Level 6.5 Fighting
 * Level 10.3 Axes
 + Level 7.9 Armour
 + Level 7.9 Shields
 + Level 7.2 Invocations


You had 9 spell levels left.
You didn't know any spells.
Your spell library was empty.

Dungeon Overview and Level Annotations

Branches:
Dungeon (11/15)            Temple (0/1) D:6          Bailey (visited)
   Lair: D:8-11         Orc: D:9-12

Altars:
Hepliaklqana
Makhleb
Sif Muna
Trog
Wu Jian

Shops:
D:5 !   D:7 :   D:9 ::

Annotations:
D:4 exclusion: door
D:6 1 runed translucent door, Flugslaktarn's ghost, novice DDFi


Innate Abilities, Weirdness & Mutations

You are resistant to damage.
You can heal yourself by infusing magical energy.
You passively map the area around you.
You do not regenerate.


Message History

You hit the rust devil but do no damage.
The rust devil is poisoned.
You hit the kobold demonologist.
The kobold demonologist looks as sick as possible!
You block the kobold demonologist's attack.
The rust devil hits you. The rust devil corrodes you!
The basilisk gazes at you. You resist with almost no effort.
The sixfirhy hits you!
* * * LOW HITPOINT WARNING * * *
The sixfirhy shocks you!
* * * LOW HITPOINT WARNING * * *
You are too injured to fight recklessly!
You are too injured to fight recklessly!
You are too injured to fight recklessly!
Unknown command.
You fail to use your ability.
The sixfirhy hits you!
* * * LOW HITPOINT WARNING * * *
The sixfirhy shocks you!
* * * LOW HITPOINT WARNING * * *
The sixfirhy hits you!
You die...

*, , ,
#####*..
, #.>.#
. ,
#...#.#
#...#.
,* #.5..
* *
#4SF# *
, #3lK#
* *
#.@.# *
#4..# ,,
##...# *
, #....#
*, * ,
#.#### ,
, #<#
#.# #.#
***, #.#
* * ,


You could see a rust devil (summoned, very poisoned), a kobold demonologist
(extremely poisoned), a sixfirhy (summoned, extremely poisoned), a basilisk
(very poisoned), a red devil (summoned), a bullfrog, an adder and a white imp
(summoned).

Vanquished Creatures
  A centaur warrior (D:10)
  A hornet (D:10)
  A troll (D:10)
  5 yaks (D:10)
  A hungry ghost (D:8)
  Menkaure (D:6)
  Duvessa (D:6)
  A water moccasin (D:9)
  3 orc warriors (D:9)
  2 ice beasts
  An eye of draining (D:10)
  A phantom (D:10)
  3 black bears (D:10)
  A sky beast (D:5)
  2 ogres
  A centaur (D:8)
  3 big kobolds
  3 bullfrogs
  A water moccasin zombie (D:7)
  2 scorpions
  Dowan (D:6)
  4 killer bees (D:7)
  3 crimson imps
  3 jellies
  3 hounds
  3 orc priests
  4 bullfrog skeletons
  A centaur skeleton (D:9)
  2 iguanas
  4 orc wizards
  7 worker ants
  2 hound zombies
  2 hound skeletons
  3 gnolls (D:8)
  9 adders
  A shadow imp (D:6)
  3 oozes
  An adder zombie (D:8)
  2 adder skeletons
  2 worms
  A dart slug (D:5)
  3 leopard geckos
  20 orcs
  4 giant cockroaches
  6 hobgoblins
  5 jackals
  15 kobolds
  5 quokkas
  2 ball pythons
  A ball python skeleton (D:5)
  3 bats
  A frilled lizard (D:5)
  A jackal skeleton (D:4)
  2 leopard gecko zombies
  A rat (D:6)
165 creatures vanquished.

Notes
Turn   | Place    | Note
-------+----------+-------------------------------------------
     0 | D:1      | Flugslaktarn the Deep Dwarf Fighter began the quest for the
                  | Orb.
     0 | D:1      | Reached XP level 1. HP: 20/20 MP: 1/1
   192 | D:3      | Reached XP level 2. HP: 21/27 MP: 2/2
   230 | D:3      | Reached skill level 3 in Axes
   230 | D:3      | Reached XP level 3. HP: 25/33 MP: 3/3
   414 | D:4      | Reached XP level 4. HP: 19/42 MP: 4/4
   477 | D:4      | Reached skill level 4 in Axes
   477 | D:4      | Reached XP level 5. HP: 33/49 MP: 4/4
   596 | D:4      | Found a shimmering blue altar of Sif Muna.
   712 | D:5      | Entered Level 5 of the Dungeon
   770 | D:5      | Found an ornate altar of the Wu Jian Council.
   861 | D:5      | Found Keett's Distillery.
  1112 | D:5      | Noticed an ogre
  1121 | D:5      | Killed an ogre
  1121 | D:5      | Reached skill level 5 in Axes
  1121 | D:5      | Reached XP level 6. HP: 45/57 MP: 5/5
  1183 | D:5      | Noticed a sky beast
  1199 | D:5      | Killed a sky beast
  1359 | D:5      | Found a burning altar of Makhleb.
  1363 | D:5      | Became a worshipper of Makhleb the Destroyer
  1462 | D:6      | Found a runed translucent door.
  1463 | D:6      | Noticed Flugslaktarn's ghost (novice DDFi)
  1491 | D:6      | Found a staircase to the Ecumenical Temple.
  1505 | D:6      | Found a hazy altar of Hepliaklqana.
  1708 | D:6      | Noticed Dowan
  1719 | D:6      | Killed Dowan
  1719 | D:6      | Reached skill level 1 in Invocations
  1719 | D:6      | Reached XP level 7. HP: 38/64 MP: 5/5
  1719 | D:6      | Noticed Duvessa
  1737 | D:6      | Killed Duvessa
  1737 | D:6      | Reached skill level 5 in Armour
  1737 | D:6      | Reached skill level 5 in Shields
  2205 | D:6      | Noticed Menkaure
  2240 | D:6      | Killed Menkaure
  2240 | D:6      | Reached skill level 6 in Axes
  2584 | D:7      | HP: 1/66 [poisoned by a killer bee]
  2649 | D:7      | Reached XP level 8. HP: 23/73 MP: 6/6
  2751 | D:7      | Found a bloodstained altar of Trog.
  2780 | D:7      | Found a flagged portal.
  2792 | Bailey   | Entered a bailey
  2873 | D:7      | Found Beafidd's Book Shoppe.
  3397 | D:8      | Reached * piety under Makhleb
  3398 | D:8      | Reached skill level 7 in Axes
  3693 | D:8      | Reached skill level 5 in Fighting
  4057 | D:8      | Got a bone war axe
  4058 | D:8      | Identified the +2 war axe of Conversion {venom, rN++ MP-9}
                  | (You found it on level 8 of the Dungeon)
  4121 | D:8      | Reached skill level 8 in Axes
  4121 | D:8      | Gained mutation: You passively map the area around you.
                  | [Deep Dwarf growth]
  4121 | D:8      | Reached XP level 9. HP: 69/81 MP: 0/6
  4262 | D:9      | Found Nienupa's Book Shop.
  4318 | D:9      | Found a bloodstained altar of Trog.
  4337 | D:9      | Reached ** piety under Makhleb
  4357 | D:9      | Reached skill level 5 in Invocations
  4665 | D:9      | Found Pupnome's Book Shoppe.
  5116 | D:10     | Entered Level 10 of the Dungeon
  5213 | D:10     | Noticed a centaur warrior
  5230 | D:10     | Reached skill level 9 in Axes
  5234 | D:10     | Killed a centaur warrior
  5269 | D:10     | Reached XP level 10. HP: 89/91 MP: 0/8
  5290 | D:10     | Paralysed by a hornet for 3 turns
  5322 | D:10     | Reached *** piety under Makhleb
  5431 | D:10     | Reached skill level 10 in Axes
  5650 | D:11     | Noticed a sixfirhy
  5652 | D:11     | Noticed a rust devil
  5658 | D:11     | HP: 2/92 [sixfirhy[a kobold demonologist] (6)]
  5658 | D:11     | Mangled by a sixfirhy

Illustrated notes

Levels and vault maps discovered:
D:1:      ebering_trefoil_3fold, layout_loops_corners
D:2:      layout_basic
D:3:      layout_basic, minitemple, nemelex_xobeh_ov_fountains_minmay,
          uniq_sigmund
D:4:      layout_cave_pools, led_sif_book, first_ration
D:5:      layout_gridville, lemuel_round_altar, kennysheep_mini_moat,
          serial_shops, kennysheep_mini, chequers_serial_rivers_micro_b,
          kennysheep_nub
D:6:      layout_basic, old_standard_altar, minmay_temple_entry_statues,
          ebering_ghost_sewer_d, portal_sewer_entry_b, uniq_menkaure,
          uniq_duvessa
D:7:      layout_loops_ring, old_standard_altar, serial_shops, shop,
          enter_bailey_6
D:8:      layout_loops_ring
D:9:      layout_basic, basic_altar, serial_shops, nicolae_shop_trees,
          nicolae_shop_statue_plus
D:10:     cheibrodos_fzero, layout_rooms
D:11:     layout_rooms, dpeg_lair_monsters, basic_altar, uniq_grum

Skill      XL: |  1  2  3  4  5  6  7  8  9 10 |
---------------+-------------------------------+-----
Axes           | 3 4 5 6 8 9 10 | 10.3
Fighting       | 3 4 5 6 |  6.5
Armour         | 4 5 6 7 |  7.9
Shields        | 4 5 6 7 |  7.9
Invocations    | 1 2 4 6 7 |  7.2

Action                   |  1- 3 |  4- 6 |  7- 9 | 10-12 || total
-------------------------+-------+-------+-------+-------++-------
Melee: War axe           |    38 |   176 |   436 |    84 ||   734
 Abil: Heal Wounds       |       |     5 |    17 |       ||    22
  Use: Potion            |       |       |     3 |       ||     3
       Scroll            |       |       |    13 |       ||    13
  Eat: Chunk             |       |     3 |    17 |     1 ||    21
       Ration            |       |       |     1 |       ||     1
Armor: Scale mail        |    21 |    72 |   127 |       ||   220
       Chain mail        |       |       |    28 |       ||    28
       Plate armour      |       |       |    21 |    85 ||   106
Dodge: Dodged            |    12 |    44 |   150 |    22 ||   228
Block: Kite shield       |    27 |    94 |   275 |    42 ||   438

Table legend:
 A = Non-vault XP
 B = Vault XP
 C = Vault XP percentage of total XP
 D = Non-vault monster count
 E = Vault monster count
 F = Vault count percentage of total count
                 A         B        C        D         E       F
            +---------+---------+-------+---------+---------+-------
      Total |    5834 |    1943 |  25.0 |     142 |      23 |  13.9
            +---------+---------+-------+---------+---------+-------
        D:1 |       3 |       0 |   0.0 |       2 |       0 |   0.0
        D:2 |       4 |       0 |   0.0 |       2 |       0 |   0.0
        D:3 |      36 |       0 |   0.0 |       8 |       0 |   0.0
        D:4 |     216 |       0 |   0.0 |      10 |       0 |   0.0
        D:5 |     361 |       0 |   0.0 |      13 |       0 |   0.0
        D:6 |     135 |     407 |  75.1 |      12 |       8 |  40.0
        D:7 |     569 |       0 |   0.0 |      14 |       0 |   0.0
        D:8 |    1059 |       0 |   0.0 |      36 |       0 |   0.0
        D:9 |    1095 |       0 |   0.0 |      30 |       0 |   0.0
       D:10 |    2356 |    1526 |  39.3 |      15 |      10 |  40.0
     Bailey |       0 |      10 | 100.0 |       0 |       5 | 100.0
            +---------+---------+-------+---------+---------+-------
